 Dungeon Crawl Stone Soup version 0.30.0-10-gfe55d96785 (webtiles) character file.

Game seed: 15481106426873237638

17 CaptainMV the Firebug (level 2, 0/19 HPs)
             Began as a Demonspawn Fire Elementalist on May 16, 2023.
             Slain by a hobgoblin (2 damage)
             ... on level 2 of the Dungeon.
             The game lasted 00:08:06 (736 turns).

CaptainMV the Firebug (Demonspawn Fire Elementalist) Turns: 736, Time: 00:08:06

Health: 0/19       AC:  2    Str:  8    XL:     2   Next: 44%
Magic:  1/5        EV:  9    Int: 16    God:
Gold:   37         SH:  8    Dex: 13    Spells: 4/5 levels left

rFire   . . .        (no weapon)
rCold   . . .        h - +1 kite shield {rN+}
rNeg    + . .        a - +0 robe
rPois   .            (no helmet)
rElec   .            (no cloak)
rCorr   .            (no gloves)
SInv    .            (no boots)
Will    +....        (no amulet)
Stlth   ++           d - ring of willpower
HPRegen 0.23/turn    (no ring)
MPRegen 0.09/turn

%: no passive effects
@: very slightly contaminated
A: demonic touch 1
a: no special abilities


You were on level 2 of the Dungeon.
You visited 1 branch of the dungeon, and saw 2 of its levels.

You collected 37 gold pieces.

Inventory:

Armour
 a - a +0 robe (worn)
 h - a +1 kite shield of positive energy (worn)
Jewellery
 d - a ring of willpower (left hand)
Scrolls
 c - a scroll of magic mapping
 f - 2 scrolls of identify
 g - a scroll of blinking
Potions
 b - a potion of magic
 e - a potion of haste


   Skills:
 + Level 1.8 Dodging
 + Level 1.8 Stealth
 + Level 2.2 Spellcasting
 + Level 1.1 Conjurations
 + Level 3.2 Fire Magic


You had 4 spell levels left.
You knew the following spells:

 Your Spells              Type           Power      Damage    Failure   Level
a - Foxfire               Conj/Fire      32%        2x1d5     52%         1

Your spell library contained the following spells:

 Spells                   Type           Power      Damage    Failure   Level
 Scorch                   Fire           24%        2d6       52%         2
 Inner Flame              Hex/Fire       6%         N/A       92%         3
 Volatile Blastmotes      Fire/Tloc      12%        2d11      92%         3
 Flame Wave               Conj/Fire      8%         2d5       99%         4


Dungeon Overview and Level Annotations

Branches:
Dungeon (2/15)

Altars:


Innate Abilities, Weirdness & Mutations

Your touch may inflict minor irresistible damage on your foes.


Message History

The frilled lizard bites you.
Casting: Foxfire (safe; 52% risk of failure)
Confirm with . or Enter, or press ? or * to list all spells.
You miscast Foxfire.
Nothing appears to happen.
The foxfire hits the frilled lizard.
You kill the frilled lizard!
The foxfire hits the hobgoblin.
The hobgoblin is moderately wounded.
Casting: Foxfire (safe; 52% risk of failure)
Confirm with . or Enter, or press ? or * to list all spells.
You miscast Foxfire.
Nothing appears to happen.
The hobgoblin hits you.
Casting: Foxfire (safe; 52% risk of failure)
Confirm with . or Enter, or press ? or * to list all spells.
You don't have enough magic to cast this spell.
You hit the hobgoblin but do no damage.
The hobgoblin is moderately wounded.
You block the hobgoblin's attack.
You closely miss the hobgoblin.
The hobgoblin is moderately wounded.
The hobgoblin hits you.
You hit the hobgoblin but do no damage.
The hobgoblin is moderately wounded.
The hobgoblin hits you.
You hit the hobgoblin but do no damage.
The hobgoblin is moderately wounded.
The hobgoblin closely misses you.
The endoplasm jiggles.
The hobgoblin completely misses you.
You hit the hobgoblin but do no damage.
The hobgoblin is moderately wounded.
The hobgoblin hits you.
You hit the hobgoblin.
The hobgoblin is heavily wounded.
The hobgoblin hits you.
You hit the hobgoblin.
The hobgoblin is almost dead.
The hobgoblin hits you.
* * * LOW HITPOINT WARNING * * *
The hobgoblin hits you.
You die...

. #### #.###.#.#
######.. #
....#.#.#3#.#.#
#......#
......#.###.#.###.#
......#8...8#.#...#
......###'###...###
..............###
..#.........#
##..#.##### #.@..#
###g## #J.# #....
#.?..# ......
....### ..###


You could see an endoplasm and a hobgoblin.

Vanquished Creatures
  4 endoplasms
  A goblin (D:2)
  3 hobgoblins
  2 quokkas
  A ball python (D:2)
  A bat (D:1)
  A frilled lizard (D:2)
  2 rats
15 creatures vanquished.

Vanquished Creatures (others)
  31 foxfires
31 creatures vanquished.

Grand Total: 46 creatures vanquished

Notes
Turn   | Place    | Note
-------+----------+-------------------------------------------
     0 | D:1      | CaptainMV the Demonspawn Fire Elementalist began the quest
                  | for the Orb.
     0 | D:1      | Reached XP level 1. HP: 13/13 MP: 3/3
   457 | D:1      | Reached skill level 3 in Fire Magic
   551 | D:2      | Gained mutation: Your touch may inflict minor irresistible
                  | damage on your foes. [demonic ancestry]
   551 | D:2      | Reached XP level 2. HP: 19/19 MP: 0/5
   705 | D:2      | Found a faded altar of an unknown god.
   705 | D:2      | Noticed a soul eater
   736 | D:2      | Slain by a hobgoblin

Illustrated notes

Levels and vault maps discovered:
D:1:      nagdon_arrival_double_spiral, layout_loops_ring
D:2:      layout_rooms, dreamdust_ecumenical_altar_sealed_demon

Skill      XL: |  1 |
---------------+----+-----
Fire Magic     | 3 |  3.2
Dodging        | |  1.8
Stealth        | |  1.8
Spellcasting   | |  2.2
Conjurations   | |  1.1

Action                     || total
---------------------------++-------
  Melee: Unarmed           ||    42
         Touch             ||     1
         Punch             ||     1
   Cast: Foxfire           ||    24
    Use: Scroll            ||     4
 Armour: Robe              ||     2
  Dodge: Dodged            ||    26
  Block: Kite shield       ||     1
